[Event "Titled Tuesday Blitz July 05 Early 2022"]
[White "Koziorowicz, Michal"]
[Black "Jubin Jimmy"]
[WhiteFideId "21809194"]
[BlackFideId "46686614"]
[WhiteElo "2202"]
[BlackElo "2219"]
[Result "0-1"]
[Round "11"]
[TimeControl "180+1"]
[Date "2022.07.05"]
[WhiteClock "0:00:35"]
[BlackClock "0:00:26"]

1. e4 c6 2. d4 d5 3. e5 c5 4. dxc5 e6 5. a3 Bxc5 6. Nf3 Nd7 7. Bd3 f6 8. exf6 Ngxf6 9. O-O O-O 10. Nc3 Kh8 11. Bg5 a6 12. Qe2 Qb6 13. Na4 Qc6 14. Nxc5 Nxc5 15. Rae1 Nfe4 16. Be3 Qd6 17. b4 Na4 18. Bd4 Nf6 19. Ne5 Bd7 20. Qe3 Bb5 21. Qh3 Bxd3 22. cxd3 Kg8 23. Ng4 Rae8 24. Be5 Qd7 25. Rc1 Nxg4 26. Qxg4 Rc8 27. h4 Qf7 28. Rxc8 Rxc8 29. h5 h6 30. Bd4 Nc3 31. Re1 Nb5 32. Be5 Rc2 33. Qg3 Nc3 34. Kf1 Na2 35. Bd4 Nc1 36. Rxe6 Nb3 37. Be5 Rxf2+ 38. Qxf2 Qxe6 39. Bc3 Nc1 40. Qg3 Qe2+ 41. Kg1 Qd1+ 42. Kh2 Qxh5+ 43. Qh3 Qxh3+ 44. Kxh3 Nxd3 45. Kg3 Kf7 46. Kf3 g5 47. g3 Ke6 48. Ke3 Ne5 49. Kd4 Kd6 50. Ke3 Nc6 51. a4 d4+ 52. Bxd4 Nxd4 53. Kxd4 h5 54. Ke4 Ke6 55. b5 axb5 56. axb5 b6 57. Kd4 Kf5 58. Ke3 Kg4 59. Kf2 h4 60. gxh4 Kxh4 61. Kg2 Kg4 62. Kh2 Kf4 63. Kg2 g4 64. Kf2 g3+ 65. Kg2 Kg4 66. Kg1 Kf3 67. Kf1 Ke4 68. Kg2 Kd4 69. Kxg3 Kc4 70. Kf2 Kxb5 71. Ke2 Kb4 72. Kd2 Kb3 73. Kc1 b5 74. Kb1 b4 75. Ka1 Kc2 76. Ka2 b3+ 0-1


[Site "https://www.chess.com"]

[Event "Titled Tuesday Blitz July 05 Early 2022"]
[White "Livaic, Leon"]
[Black "Aradhya, Garg"]
[WhiteFideId "14531534"]
[BlackFideId "25006746"]
[WhiteElo "2540"]
[BlackElo "2203"]
[Result "0-1"]
[Round "11"]
[TimeControl "180+1"]
[Date "2022.07.05"]
[WhiteClock "0:00:04"]
[BlackClock "0:00:15"]

1. b3 e5 2. Bb2 Nc6 3. e3 d5 4. Bb5 Ne7 5. Bxe5 a6 6. Bxc6+ Nxc6 7. Bb2 Qg5 8. Qf3 Bg4 9. Qg3 Bd6 10. f4 Qf5 11. d3 O-O-O 12. h3 Bh5 13. Qg5 Qxg5 14. fxg5 Rhe8 15. Kf2 f5 16. gxf6 gxf6 17. Nf3 f5 18. Nc3 f4 19. exf4 Bxf4 20. g4 Bg6 21. a3 Re7 22. Rae1 Rf7 23. Kg2 h5 24. Ne2 Bd6 25. Ng5 Rfd7 26. Nd4 Nxd4 27. Bxd4 Rg8 28. Re6 hxg4 29. h4 Bxa3 30. h5 Bf5 31. h6 Bxe6 32. Nxe6 Rh7 33. Bg7 Be7 34. Kg3 Kd7 35. Nf4 Rhxg7 36. hxg7 Rxg7 37. Nxd5 Bd6+ 38. Kg2 c6 39. Nf6+ Ke6 40. Ne4 Be5 41. Rh6+ Kd5 42. c3 b5 43. b4 a5 44. bxa5 Ra7 45. Rh5 Rxa5 46. Nf6+ Ke6 47. Nxg4 Bxc3 48. Kf3 Bd4 49. Ke4 c5 50. Rh6+ Kf7 51. Kd5 Ra3 52. Rb6 Rxd3 53. Rxb5 Rg3 54. Ne5+ Kf6 55. Nc4 Rg5+ 56. Kc6 Kf5 57. Rb8 Ke4 58. Kb5 Kd3 59. Ra8 Rg1 60. Ra3+ Ke4 61. Nd6+ Kd5 62. Nf5 Rb1+ 63. Ka4 c4 64. Rh3 Bc5 65. Ne3+ Bxe3 66. Rh1 Rxh1 67. Kb4 Rb1+ 0-1


[Site "https://www.chess.com"]

[Event "Titled Tuesday Blitz July 05 Early 2022"]
[White "Maksimovic, Bojan"]
[Black "Garcia Ramos, Daniel"]
[WhiteFideId "14408120"]
[BlackFideId "32010311"]
[WhiteElo "2453"]
[BlackElo "2268"]
[Result "1-0"]
[Round "11"]
[TimeControl "180+1"]
[Date "2022.07.05"]
[WhiteClock "0:00:56"]
[BlackClock "0:01:48"]

1. e4 c6 2. d4 d5 3. Nc3 dxe4 4. Nxe4 Nf6 5. Nxf6+ exf6 6. c3 Bd6 7. Bd3 O-O 8. Qc2 Re8+ 9. Ne2 h5 10. O-O h4 11. h3 Nd7 12. Bd2 Nf8 13. Rae1 Be6 14. f4 b5 15. b3 Bc7 16. f5 Bc8 17. Qd1 Nh7 18. Nf4 Ng5 19. Rxe8+ Qxe8 20. Qg4 c5 21. Nh5 cxd4 22. cxd4 Qd8 23. Qxh4 Bb7 24. Qg4 Qd6 25. h4 Qh2+ 26. Kf2 Bxg2 27. Qxg2 Qxh4+ 28. Ng3 Qxd4+ 29. Be3 Qxd3 30. Qxa8+ Kh7 31. Rh1+ 1-0


[Site "https://www.chess.com"]

[Event "Titled Tuesday Blitz July 05 Early 2022"]
[White "Maximov, Dmitry"]
[Black "Jones, Gawain C B"]
[WhiteFideId "14105659"]
[BlackFideId "409561"]
[WhiteElo "2494"]
[BlackElo "2657"]
[Result "0-1"]
[Round "11"]
[TimeControl "180+1"]
[Date "2022.07.05"]
[WhiteClock "0:00:04"]
[BlackClock "0:00:03"]

1. e4 c5 2. Nf3 g6 3. c3 d5 4. e5 d4 5. Bc4 Nc6 6. O-O Bg7 7. Re1 Nh6 8. d3 Bg4 9. e6 O-O 10. exf7+ Nxf7 11. Nbd2 Ne5 12. cxd4 Nxc4 13. dxc4 Ng5 14. d5 Bd4 15. Qb3 Bxf3 16. Nxf3 Nxf3+ 17. gxf3 e5 18. Re4 Qd7 19. Kg2 Rf7 20. Bh6 Qf5 21. Rh4 e4 22. Rxe4 Qh5 23. Bf4 Raf8 24. Bg3 Rxf3 25. Qc2 Bxf2 26. Bxf2 Qh3+ 27. Kg1 Rxf2 28. Qxf2 Rxf2 29. Kxf2 Qxh2+ 30. Ke3 Qxb2 31. Rf1 Qa3+ 32. Kf4 Qxa2 33. Ke5 Qb2+ 34. Ke6 Qg2 35. Rff4 g5 36. Rg4 Qh3 37. d6 Qh6+ 38. Kd5 Qg6 39. Re6 Qf5+ 40. Re5 Qxg4 41. Kxc5 Qd7 42. Re7 Qc6+ 43. Kd4 Qxd6+ 0-1


[Site "https://www.chess.com"]

[Event "Titled Tuesday Blitz July 05 Early 2022"]
[White "Mitrabha, Guha"]
[Black "Barria Zuniga, Daniel"]
[WhiteFideId "5057000"]
[BlackFideId "3400816"]
[WhiteElo "2499"]
[BlackElo "2414"]
[Result "1-0"]
[Round "11"]
[TimeControl "180+1"]
[Date "2022.07.05"]
[WhiteClock "0:01:13"]
[BlackClock "0:00:01"]

1. d4 Nf6 2. c4 e6 3. g3 c5 4. Nf3 cxd4 5. Nxd4 a6 6. Bg2 Qc7 7. Nc3 Qxc4 8. O-O Nc6 9. Nb3 d5 10. Bf4 Bd7 11. Rc1 Qb4 12. e4 Nxe4 13. Nxe4 dxe4 14. a3 Qa4 15. Re1 f5 16. Bf1 e5 17. Rc4 Qxc4 18. Bxc4 exf4 19. Qd5 O-O-O 20. gxf4 g5 21. fxg5 Be7 22. Nc5 Rhg8 23. h4 Bxc5 24. Qxc5 Rg7 25. b4 h6 26. a4 Kc7 27. b5 axb5 28. axb5 b6 29. Qe3 Na5 30. Rc1 1-0


[Site "https://www.chess.com"]

[Event "Titled Tuesday Blitz July 05 Early 2022"]
[White "Mkrtchian, Lilit"]
[Black "Terrieux, Kevin"]
[WhiteFideId "13300601"]
[BlackFideId "622591"]
[WhiteElo "2310"]
[BlackElo "2482"]
[Result "1-0"]
[Round "11"]
[TimeControl "180+1"]
[Date "2022.07.05"]
[WhiteClock "0:00:15"]
[BlackClock "0:00:24"]

1. e4 c5 2. Nf3 e6 3. d4 cxd4 4. Nxd4 Nf6 5. Nc3 Nc6 6. Nxc6 bxc6 7. e5 Nd5 8. Ne4 Qc7 9. f4 Qb6 10. c4 Bb4+ 11. Ke2 f5 12. exf6 Nxf6 13. Be3 Qd8 14. Nd6+ Bxd6 15. Qxd6 c5 16. Qxc5 Bb7 17. Rd1 Rc8 18. Qb4 Ba8 19. Ke1 Kf7 20. Be2 Bxg2 21. Rg1 Be4 22. Bd4 Rf8 23. Bxf6 gxf6 24. Qd6 Rc7 25. Bh5+ Bg6 26. f5 Bxh5 27. fxe6+ Ke8 28. Rg7 1-0


[Site "https://www.chess.com"]

[Event "Titled Tuesday Blitz July 05 Early 2022"]
[White "Molina, Roberto Junio Brito"]
[Black "Cruz, Cristhian"]
[WhiteFideId "2109450"]
[BlackFideId "3801969"]
[WhiteElo "2432"]
[BlackElo "2497"]
[Result "1-0"]
[Round "11"]
[TimeControl "180+1"]
[Date "2022.07.05"]
[WhiteClock "0:00:08"]
[BlackClock "0:00:01"]

1. d4 e6 2. Nf3 d5 3. e3 g6 4. Bd3 Bg7 5. O-O Ne7 6. b3 O-O 7. Bb2 c5 8. Qc1 Nbc6 9. dxc5 e5 10. Be2 Qa5 11. a3 Qxc5 12. b4 Qd6 13. c4 dxc4 14. Rd1 Qb8 15. Bxc4 a6 16. Nbd2 Bf5 17. e4 Bd7 18. Nb3 Bg4 19. Qe3 Qa7 20. h3 Qxe3 21. fxe3 Bc8 22. Nc5 b6 23. Nd7 Bxd7 24. Rxd7 b5 25. Bb3 h6 26. Rad1 a5 27. R1d6 axb4 28. axb4 Kh7 29. Rc7 Rac8 30. Rxc8 Rxc8 31. Bxf7 Nxb4 32. Bxe5 Bxe5 33. Nxe5 Kg7 34. Re6 Nbc6 35. Nxc6 Nxc6 36. Bxg6 b4 37. e5 b3 38. Be4 b2 39. Kf2 Kf7 40. Rxh6 Nxe5 41. Rb6 Nc4 42. Rb4 Kf6 43. Ke2 Ke5 44. Bd3 1-0


[Site "https://www.chess.com"]

[Event "Titled Tuesday Blitz July 05 Early 2022"]
[White "Nakamura, Hikaru"]
[Black "So, Wesley"]
[WhiteFideId "2016192"]
[BlackFideId "5202213"]
[WhiteElo "2850"]
[BlackElo "2763"]
[Result "0-1"]
[Round "11"]
[TimeControl "180+1"]
[Date "2022.07.05"]
[WhiteClock "0:00:41"]
[BlackClock "0:00:53"]

1. Nf3 d5 2. d4 Nf6 3. Bf4 e6 4. e3 Bd6 5. Nbd2 Bxf4 6. exf4 b6 7. c3 O-O 8. Bd3 c5 9. O-O Ba6 10. Bxa6 Nxa6 11. Qe2 Nb8 12. Rfd1 Qc7 13. g3 Nc6 14. Nb3 c4 15. Nbd2 b5 16. a3 a5 17. Ne5 b4 18. h4 h6 19. Kg2 bxc3 20. bxc3 Rab8 21. Rdb1 Ne7 22. g4 Nd7 23. h5 Rfe8 24. Ndf3 Nf8 25. g5 f6 26. gxf6 gxf6 27. Rg1 fxe5 28. Kh1+ Kh7 29. Nxe5 Nf5 30. Qg4 Qg7 31. Qh3 Qf6 32. Ng4 Qd8 33. Rg2 Nd7 34. Re1 Qh4 0-1


[Site "https://www.chess.com"]

[Event "Titled Tuesday Blitz July 05 Early 2022"]
[White "Naroditsky, Daniel"]
[Black "Tari, Aryan"]
[WhiteFideId "2026961"]
[BlackFideId "1510045"]
[WhiteElo "2608"]
[BlackElo "2612"]
[Result "1/2-1/2"]
[Round "11"]
[TimeControl "180+1"]
[Date "2022.07.05"]
[WhiteClock "0:00:11"]
[BlackClock "0:00:13"]

1. e4 e5 2. Nf3 Nc6 3. Bb5 Nf6 4. O-O Nxe4 5. d4 Nd6 6. Ba4 e4 7. Ne5 Be7 8. Nc3 O-O 9. Re1 f5 10. Nd5 Nxe5 11. dxe5 Nf7 12. Bb3 Kh8 13. Bf4 d6 14. Nxe7 Qxe7 15. exd6 Nxd6 16. Qd5 Bd7 17. Rad1 Bc6 18. Bxd6 cxd6 19. Qxd6 Qxd6 20. Rxd6 Rad8 21. Red1 Rxd6 22. Rxd6 g6 23. Bd5 Bxd5 24. Rxd5 Rf7 25. Kf1 Kg7 26. Ke2 Kf6 27. c4 Ke6 28. Ke3 Rd7 29. Rxd7 Kxd7 30. Kd4 Kd6 31. h4 a5 32. b3 b6 33. a3 Kc6 34. b4 Kd6 35. g3 h6 36. g4 h5 37. gxh5 gxh5 38. c5+ bxc5+ 39. bxc5+ Kc6 40. a4 f4 41. Kxe4 Kxc5 42. Kxf4 Kb4 43. Kg5 Kxa4 44. f4 Kb3 45. f5 a4 46. f6 a3 47. f7 a2 48. f8=Q a1=Q 49. Qf3+ Kc4 50. Kxh5 Qh8+ 51. Kg5 Qg7+ 52. Kf4 Qf6+ 53. Ke4 Qxf3+ 54. Kxf3 Kd5 55. Kf4 Ke6 56. Kg5 Kf7 57. h5 Kg8 58. h6 Kh8 59. h7 Kxh7 1/2-1/2


[Site "https://www.chess.com"]

[Event "Titled Tuesday Blitz July 05 Early 2022"]
[White "Nguyen, Quoc Hy"]
[Black "Harvey, Marcus R"]
[WhiteFideId "12410853"]
[BlackFideId "400092"]
[WhiteElo "1938"]
[BlackElo "2485"]
[Result "1-0"]
[Round "11"]
[TimeControl "180+1"]
[Date "2022.07.05"]
[WhiteClock "0:00:34"]
[BlackClock "0:00:06"]

1. d4 Nf6 2. c4 e6 3. Nc3 Bb4 4. Qc2 O-O 5. Bg5 h6 6. Bh4 c5 7. dxc5 Na6 8. a3 Bxc3+ 9. Qxc3 Nxc5 10. b4 Nce4 11. Qb2 d5 12. f3 g5 13. fxe4 gxh4 14. e5 Ne4 15. e3 Qg5 16. Qd4 f6 17. Nf3 fxe5 18. Nxg5 exd4 19. Nxe4 dxe4 20. exd4 Bd7 21. Kd2 Rf4 22. Be2 e5 23. Ke3 Re8 24. d5 Kg7 25. c5 a6 26. a4 Kf6 27. b5 Rg8 28. c6 bxc6 29. dxc6 Be6 30. b6 Rxg2 31. b7 Rxe2+ 32. Kxe2 Bc4+ 33. Kd2 Rf2+ 34. Kc3 Bd3 35. b8=Q Rc2+ 36. Kb3 Rxc6 37. Rhf1+ 1-0


[Site "https://www.chess.com"]

[Event "Titled Tuesday Blitz July 05 Early 2022"]
[White "Niemann, Hans Moke"]
[Black "Svane, Rasmus"]
[WhiteFideId "2093596"]
[BlackFideId "4657101"]
[WhiteElo "2632"]
[BlackElo "2674"]
[Result "1-0"]
[Round "11"]
[TimeControl "180+1"]
[Date "2022.07.05"]
[WhiteClock "0:00:17"]
[BlackClock "0:00:10"]

1. d4 Nf6 2. Nc3 d5 3. Bf4 c5 4. e3 cxd4 5. exd4 a6 6. Nf3 Nc6 7. Ne5 Bd7 8. g4 e6 9. g5 Nxe5 10. Bxe5 Ne4 11. Nxe4 dxe4 12. Qd2 Bc6 13. Rg1 f6 14. gxf6 gxf6 15. Bf4 Qd5 16. c4 Qf5 17. O-O-O O-O-O 18. Be3 Bd6 19. h4 Bc7 20. Rh1 Qh5 21. Be2 Qf7 22. Qc3 Kb8 23. b4 f5 24. d5 exd5 25. b5 axb5 26. cxb5 d4 27. Rxd4 Bd5 28. Ra4 b6 29. Kb1 f4 30. Bd4 Rhg8 31. Rc1 e3 32. Bc4 Rc8 33. Qa3 Qf5+ 34. Bd3 Be4 35. Ra8+ Bxa8 36. Bxf5 Rcd8 37. Rxc7 Kxc7 38. Be5+ 1-0


[Site "https://www.chess.com"]

[Event "Titled Tuesday Blitz July 05 Early 2022"]
[White "Prokofiev, Valentyn"]
[Black "Lawson, Eric"]
[WhiteFideId "14160161"]
[BlackFideId "2604116"]
[WhiteElo "2142"]
[BlackElo "2468"]
[Result "1-0"]
[Round "11"]
[TimeControl "180+1"]
[Date "2022.07.05"]
[WhiteClock "0:01:03"]
[BlackClock "0:01:11"]

1. d4 Nf6 2. Nf3 b6 3. c4 Bb7 4. e3 e6 5. Bd3 d5 6. b3 Be7 7. O-O O-O 8. Bb2 a6 9. Nc3 Re8 10. Rc1 Nbd7 11. cxd5 exd5 12. Ne2 Bd6 13. Ng3 Ng4 14. Nf5 Bf8 15. h3 Ngf6 16. Ne5 g6 17. Ng3 Ne4 18. Qc2 Nxg3 19. fxg3 Nxe5 20. dxe5 c5 21. Qf2 Qd7 22. Qf6 Re6 23. Qf4 Bg7 24. e4 Rae8 25. exd5 Qxd5 26. Qxf7+ Kh8 27. Rf3 Rf8 28. Bc4 Qxf3 29. Qxf3 Rxf3 30. gxf3 Re7 31. Rd1 b5 32. Rd8+ Bf8 33. Rxf8+ Kg7 34. Rg8+ Kh6 35. Be2 Rxe5 36. Bxe5 1-0


[Site "https://www.chess.com"]

[Event "Titled Tuesday Blitz July 05 Early 2022"]
[White "Rendle, Thomas E"]
[Black "Namitbir Singh Walia"]
[WhiteFideId "408760"]
[BlackFideId "35071068"]
[WhiteElo "2428"]
[BlackElo "1565"]
[Result "0-1"]
[Round "11"]
[TimeControl "180+1"]
[Date "2022.07.05"]
[WhiteClock "0:00:04"]
[BlackClock "0:00:10"]

1. Nf3 d5 2. e3 Nf6 3. b3 Bg4 4. Bb2 Nbd7 5. c4 c6 6. Be2 Bxf3 7. Bxf3 e5 8. cxd5 cxd5 9. Nc3 e4 10. Be2 Bd6 11. Nb5 Be5 12. Ba3 Nf8 13. Rc1 a6 14. Nd4 Qa5 15. Bc5 Ne6 16. b4 Qd8 17. Nxe6 fxe6 18. d4 exd3 19. Qxd3 Ne4 20. Bd4 Bd6 21. Bh5+ Kd7 22. O-O Qh4 23. f4 Qxh5 24. b5 Ke7 25. bxa6 bxa6 26. Rc6 Qe8 27. Rfc1 Qd7 28. Bxg7 Rhc8 29. Rxc8 Rxc8 30. Rb1 Qc6 31. Qd4 Qc1+ 32. Qd1 Qxd1+ 33. Rxd1 Kf7 34. Bd4 Rc2 35. a4 Rd2 36. Rb1 Kg6 37. g4 Bxf4 38. Rb6 Bxh2+ 39. Kf1 Rf2+ 40. Ke1 Bg3 41. Rxe6+ Kg5 42. Kd1 Kxg4 43. Rxa6 h5 44. Kc1 h4 45. Rg6+ Kf3 46. Rh6 Ng5 47. a5 h3 48. a6 h2 49. a7 Ra2 50. Kb1 Ra4 51. Rh8 Kg2 52. a8=Q Rxa8 53. Rxa8 h1=Q+ 54. Kc2 Ne4 55. Ra2 Qf1 56. Kb3+ Kf3 57. Kb4 Qc4+ 58. Ka3 Be1 59. Rb2 Bc3 60. Bxc3 Nxc3 61. Rb3 Qa4+ 62. Kb2 Qxb3+ 63. Kxb3 Kxe3 64. Kxc3 d4+ 65. Kc2 Ke2 0-1


[Site "https://www.chess.com"]

[Event "Titled Tuesday Blitz July 05 Early 2022"]
[White "Rosen, Eric"]
[Black "Perez Gormaz, Matias"]
[WhiteFideId "2032562"]
[BlackFideId "3406342"]
[WhiteElo "2362"]
[BlackElo "2341"]
[Result "1-0"]
[Round "11"]
[TimeControl "180+1"]
[Date "2022.07.05"]
[WhiteClock "0:00:01"]
[BlackClock "0:00:02"]

1. d4 Nf6 2. Bf4 d5 3. e3 e6 4. Nf3 c5 5. Nbd2 Nc6 6. c3 Nh5 7. Bg5 f6 8. Bh4 g6 9. Bb5 Bd7 10. O-O cxd4 11. exd4 Bd6 12. Re1 O-O 13. c4 a6 14. Bxc6 bxc6 15. Rc1 Qb8 16. Qc2 a5 17. Bg3 Nxg3 18. hxg3 Ra7 19. Re2 Kg7 20. Nf1 a4 21. Ne3 Qb4 22. Ne1 Rb8 23. Nd3 Qa5 24. g4 Rab7 25. g3 Qa7 26. c5 Bc7 27. g5 fxg5 28. Ng4 Qa6 29. Qd2 h6 30. Kg2 h5 31. Nge5 Be8 32. Qxg5 Bd8 33. Qe3 Bf6 34. Rce1 Re7 35. Nf4 Rb4 36. Qc3 Qb7 37. Nfd3 Rb5 38. Qd2 Qa6 39. Qe3 Qb7 40. Nf3 Bf7 41. Qd2 Bg8 42. Nde5 Qc8 43. Qc2 Bh7 44. Qxa4 Qb7 45. Qa3 Re8 46. b3 Ra8 47. Qc1 Rba5 48. Qb1 Ra3 49. Qc2 Qa6 50. Qd2 Bg8 51. Qf4 Rxa2 52. Nd7 Be7 53. Re3 1-0


[Site "https://www.chess.com"]

[Event "Titled Tuesday Blitz July 05 Early 2022"]
[White "Rostovtsev, Dmitry"]
[Black "Kamsky, Gata"]
[WhiteFideId "34278320"]
[BlackFideId "2000024"]
[WhiteElo "2232"]
[BlackElo "2645"]
[Result "1-0"]
[Round "11"]
[TimeControl "180+1"]
[Date "2022.07.05"]
[WhiteClock "0:00:05"]
[BlackClock "0:00:04"]

1. e4 e5 2. Nf3 Nc6 3. Bb5 Nf6 4. O-O Nxe4 5. d4 Nd6 6. dxe5 Nxb5 7. a4 d6 8. e6 Bxe6 9. axb5 Ne5 10. Nd4 Bg4 11. Qe1 Be7 12. h3 Bd7 13. f4 Ng6 14. Qg3 O-O 15. f5 Ne5 16. Nc3 Bh4 17. Qf4 c5 18. bxc6 Bxc6 19. f6 Bxf6 20. Nf5 Kh8 21. Ne4 Bxe4 22. Qxe4 d5 23. Qf4 Re8 24. Qg3 d4 25. Bf4 Rc8 26. Rf2 d3 27. cxd3 Nxd3 28. Rd1 Re1+ 29. Rxe1 Nxe1 30. Nd6 Rc7 31. Re2 Re7 32. Rxe1 Rxe1+ 33. Qxe1 Kg8 34. b4 b6 35. b5 h5 36. Qe8+ Qxe8 37. Nxe8 Be7 38. Bb8 f6 39. Bxa7 Kf7 40. Nc7 Bc5+ 41. Kf1 Ke7 42. Bb8 Kd7 43. Na6 Bd4 44. Ke2 Ke6 45. Kd3 Bg1 46. Kc4 g5 47. Nb4 f5 48. Nd5 f4 49. Bc7 Kd7 50. Bxb6 Bh2 51. Bc7 g4 52. hxg4 hxg4 53. Bxf4 Bg1 54. g3 Kc8 55. Ne3 Kd7 56. Nxg4 Ke6 57. Ne3 Kd7 58. Nd5 Bh2 59. g4 Bg1 60. g5 Ke6 61. g6 Bf2 62. g7 Kf7 63. Be5 Bh4 64. b6 1-0


[Site "https://www.chess.com"]

[Event "Titled Tuesday Blitz July 05 Early 2022"]
[White "Sadykov, Ramil"]
[Black "Yaksin, Oleg"]
[WhiteFideId "24113590"]
[BlackFideId "24105880"]
[WhiteElo "2226"]
[BlackElo "2256"]
[Result "1-0"]
[Round "11"]
[TimeControl "180+1"]
[Date "2022.07.05"]
[WhiteClock "0:00:01"]
[BlackClock "0:00:03"]

1. e4 c5 2. Nc3 Nc6 3. g3 g6 4. Bg2 Bg7 5. d3 d6 6. Be3 Nf6 7. h3 Rb8 8. Qd2 h5 9. Nge2 b5 10. a3 a5 11. a4 b4 12. Nb5 Ba6 13. c4 bxc3 14. bxc3 Bxb5 15. axb5 Rxb5 16. O-O O-O 17. d4 cxd4 18. cxd4 Nb4 19. Nc3 Rb8 20. f4 e6 21. f5 exf5 22. exf5 Qd7 23. Rxa5 Rbe8 24. Bh6 Nc6 25. Bxg7 Kxg7 26. Ra6 d5 27. Qg5 Rc8 28. g4 hxg4 29. hxg4 Qd6 30. Nxd5 Nxd5 31. Bxd5 Rh8 32. f6+ Kf8 33. Bg2 Qxd4+ 34. Rf2 Ne5 35. Qf4 Qxf4 36. Rxf4 g5 37. Rf5 Nxg4 38. Rxg5 Ne3 39. Be4 Re8 40. Bc6 Rd8 41. Kf2 Nc4 42. Rd5 1-0


[Site "https://www.chess.com"]

[Event "Titled Tuesday Blitz July 05 Early 2022"]
[White "Samunenkov, Ihor"]
[Black "Seemann, Jakub"]
[WhiteFideId "14187086"]
[BlackFideId "21874697"]
[WhiteElo "2409"]
[BlackElo "2033"]
[Result "1-0"]
[Round "11"]
[TimeControl "180+1"]
[Date "2022.07.05"]
[WhiteClock "0:00:10"]
[BlackClock "0:00:12"]

1. d4 Nf6 2. c4 e6 3. Nc3 d5 4. cxd5 Nxd5 5. e4 Nxc3 6. bxc3 c5 7. a3 Be7 8. Nf3 O-O 9. Bd3 Nc6 10. Bb2 b6 11. O-O cxd4 12. cxd4 Bb7 13. Qe2 Bf6 14. e5 Be7 15. Qe4 g6 16. Qf4 Na5 17. Rad1 Rc8 18. h4 Nc4 19. Bc1 Nxa3 20. h5 Bxf3 21. Qxf3 Nc2 22. Bh6 Re8 23. hxg6 hxg6 24. Bxg6 fxg6 25. Qg4 Kf7 26. Rd3 Rg8 27. Rf3+ Ke8 28. Qxe6 Rh8 29. Bg7 Rh4 30. Rf8# 1-0


[Site "https://www.chess.com"]

[Event "Titled Tuesday Blitz July 05 Early 2022"]
[White "Severino, Sander"]
[Black "Lashkin, Jegor"]
[WhiteFideId "5204100"]
[BlackFideId "13907808"]
[WhiteElo "2408"]
[BlackElo "2368"]
[Result "0-1"]
[Round "11"]
[TimeControl "180+1"]
[Date "2022.07.05"]
[WhiteClock "0:00:12"]
[BlackClock "0:00:05"]

1. d4 Nf6 2. Nf3 d5 3. Bf4 e6 4. e3 Bd6 5. Bg3 O-O 6. Nbd2 c5 7. c3 b6 8. Bd3 Ba6 9. Bxa6 Nxa6 10. Qe2 Nc7 11. O-O Bxg3 12. hxg3 Qe7 13. a4 Rac8 14. a5 b5 15. Nb3 Ne4 16. Nfd2 Nxd2 17. Qxd2 Na6 18. dxc5 Nxc5 19. Nxc5 Rxc5 20. Rfe1 Rc4 21. b3 Rc6 22. e4 dxe4 23. Rxe4 Rfc8 24. Re3 Qc7 25. Rd3 Rxc3 26. Rd7 Qc5 27. Rd1 h6 28. Qf4 Rf8 29. b4 Qh5 30. g4 Qg6 31. Rxa7 Rc4 32. Qd6 Qxg4 33. Qxf8+ Kh7 34. Qd6 Qg6 35. Rc7 Rg4 36. g3 h5 37. Qd3 f5 38. Kg2 e5 39. Qxb5 f4 40. Rdd7 f3+ 41. Kh2 Rh4+ 42. Kg1 Qb1+ 0-1


[Site "https://www.chess.com"]

[Event "Titled Tuesday Blitz July 05 Early 2022"]
[White "Shimanov, Aleksandr"]
[Black "Tristan, Leonardo"]
[WhiteFideId "4198603"]
[BlackFideId "113816"]
[WhiteElo "2605"]
[BlackElo "2404"]
[Result "0-1"]
[Round "11"]
[TimeControl "180+1"]
[Date "2022.07.05"]
[WhiteClock "0:00:44"]
[BlackClock "0:00:48"]

1. e4 d5 2. Nc3 dxe4 3. Nxe4 Bf5 4. Ng3 Bg6 5. Nf3 Nd7 6. d4 e6 7. h4 h6 8. h5 Bh7 9. Bd3 Bxd3 10. Qxd3 Ngf6 11. Bf4 Bd6 12. Bxd6 cxd6 13. O-O-O Qa5 14. Kb1 d5 15. Nf1 O-O-O 16. N3d2 Kb8 17. Ne3 Rc8 18. g4 Ne8 19. f4 Nd6 20. g5 Qc7 21. Rdf1 Nb6 22. c3 Na4 23. Ka1 Qb6 24. Rb1 Qa5 25. gxh6 Rxh6 26. Ng4 Rhh8 27. Ne5 f6 28. Nd7+ Ka8 29. Nb3 Qc7 30. Ndc5 Nxc5 31. Nxc5 Nc4 32. Nxe6 Qf7 33. f5 Rxh5 34. Rxh5 Qxh5 35. Nxg7 Qh2 36. Ne6 Rg8 37. Qf3 Rg1 0-1


[Site "https://www.chess.com"]

[Event "Titled Tuesday Blitz July 05 Early 2022"]
[White "Tan, Jun Ying"]
[Black "Hansen, Sune Berg"]
[WhiteFideId "5710413"]
[BlackFideId "1400266"]
[WhiteElo "1827"]
[BlackElo "2665"]
[Result "0-1"]
[Round "11"]
[TimeControl "180+1"]
[Date "2022.07.05"]
[WhiteClock "0:00:06"]
[BlackClock "0:00:20"]

1. d4 Nf6 2. c4 g6 3. Nc3 Bg7 4. e4 d6 5. Nf3 Nbd7 6. Be2 e5 7. O-O O-O 8. Be3 Re8 9. d5 Nh5 10. g3 Bf8 11. Ne1 Ng7 12. Nd3 Be7 13. Qd2 f5 14. f3 Rf8 15. Kh1 Nf6 16. Rac1 a6 17. c5 fxe4 18. fxe4 Bh3 19. Rf2 Ng4 20. Bxg4 Bxg4 21. Rcf1 Rxf2 22. Qxf2 Qe8 23. cxd6 cxd6 24. Bh6 Nh5 25. Qe3 Qd8 26. Nf2 Bd7 27. Nd3 Nf6 28. Qg1 Bh3 29. Re1 Ng4 30. Nf2 Nxh6 31. Nxh3 Qd7 32. Nf2 Rf8 33. Nd3 Qh3 34. Qg2 Qh5 35. Rf1 Rxf1+ 36. Qxf1 Ng4 37. Qe2 Bg5 38. a3 Be3 39. Qg2 Bd4 40. h3 Ne3 41. g4 Qh4 42. Qf3 Nc4 43. Ne2 Bxb2 44. Nxb2 Qe1+ 45. Kg2 Nxb2 46. Ng3 Qd2+ 47. Kf1 Nd3 48. Qf6 Qf4+ 49. Qxf4 Nxf4 50. h4 Kf7 51. g5 Ke7 52. Kf2 b5 53. Nf1 a5 54. Nd2 Kd7 55. Nb3 a4 56. Na5 Kc7 57. Nc6 Kb6 58. Nb4 Kc5 59. Kg3 Kc4 60. Na6 Nd3 61. Nc7 b4 62. axb4 a3 63. b5 Kc5 64. b6 Kxb6 65. Ne6 a2 66. Kg4 a1=Q 67. h5 Qg1+ 68. Kh3 Nf2+ 69. Kh4 Qg4# 0-1


[Site "https://www.chess.com"]

[Event "Titled Tuesday Blitz July 05 Early 2022"]
[White "Terry, Renato"]
[Black "Csonka, Balazs"]
[WhiteFideId "3803457"]
[BlackFideId "742910"]
[WhiteElo "2577"]
[BlackElo "2404"]
[Result "1/2-1/2"]
[Round "11"]
[TimeControl "180+1"]
[Date "2022.07.05"]
[WhiteClock "0:00:06"]
[BlackClock "0:00:03"]

1. e4 c5 2. Nf3 e6 3. Nc3 Nc6 4. Bb5 Nge7 5. O-O a6 6. Bxc6 Nxc6 7. d4 cxd4 8. Nxd4 d6 9. Nxc6 bxc6 10. Qg4 Qf6 11. f4 Be7 12. Qg3 d5 13. f5 O-O 14. e5 Qh4 15. Qxh4 Bxh4 16. f6 gxf6 17. exf6 Kh8 18. g3 Rg8 19. Kh1 Bg5 20. Na4 e5 21. Nc5 a5 22. Bxg5 Rxg5 23. Rae1 Rb8 24. b3 e4 25. a4 Bg4 26. Rf4 h5 27. Kg1 Kh7 28. Kf2 Kg6 29. Ke3 Rb4 30. c3 Rb8 31. Kd4 Bc8 32. Rb1 Rf5 33. Rxf5 Bxf5 34. Rf1 Re8 35. b4 axb4 36. cxb4 Kxf6 37. a5 e3 38. a6 e2 39. Re1 Bg4 40. Nd3 Ra8 41. Nc5 Ke7 42. h3 Bxh3 43. Rxe2+ Kd6 44. Rf2 Be6 45. Rh2 Rb8 46. a7 Ra8 47. Ra2 Kc7 48. Ra3 Kd6 49. Ra6 Bc8 50. Ra3 Kc7 51. Ra5 Kb6 52. Na4+ Kb7 53. Nc5+ Kb6 54. Na4+ Kb7 55. b5 cxb5 56. Rxb5+ Kc7 57. Ra5 Kb7 58. Rxd5 Rxa7 59. Nc5+ Kc7 60. Rxh5 Ra3 61. Rh7 Rxg3 62. Rxf7+ Kd8 63. Ne4 Rg4 64. Ke5 Bd7 65. Rf8+ Ke7 66. Rf2 Rg7 67. Nf6 Rf7 68. Nd5+ Ke8 69. Rb2 Rg7 70. Rb8+ Kf7 71. Rb7 Ke8 72. Kd6 Rg6+ 73. Kc5 Rc6+ 74. Kd4 Be6 75. Nf6+ Kd8 76. Ke5 Bc8 77. Rf7 Re6+ 78. Kd5 Re7 79. Rf8+ Kc7 80. Kc5 Bb7 81. Ne8+ Kd7 82. Nf6+ Kc7 83. Kd4 Kb6 84. Rd8 Ka7 85. Nd7 Re4+ 86. Kc5 Re1 87. Ne5 Rc1+ 88. Kd4 Rd1+ 89. Nd3 Ba6 90. Kc3 Rxd3+ 91. Rxd3 Bxd3 1/2-1/2


[Site "https://www.chess.com"]